 Dungeon Crawl Stone Soup version 0.21-a0-442-g848f44b (webtiles) character file.

898 theanonym the Spear-Bearer (level 7, 0/52 HPs)
             Began as a Demonspawn Fighter on Nov 12, 2017.
             Killed from afar by an electric eel (7 damage)
             ... with a bolt of electricity
             ... on level 6 of the Dungeon.
             The game lasted 00:06:24 (4210 turns).

theanonym the Spear-Bearer (Demonspawn Fighter)     Turns: 4210, Time: 00:06:24

Health: 0/52       AC:  8    Str: 17    XL:     7   Next: 79%
Magic:  7/7        EV:  6    Int: 11    God:
Gold:   227        SH:  8    Dex: 12    Spells: 6/6 levels left

rFire    + . .     SeeInvis .   a - +0 trident
rCold    + . .     Gourm    .   c - +0 shield
rNeg     . . .     Faith    .   h - +0 scale mail
rPois    .         Spirit   .   A - +0 helmet
rElec    .         Reflect  .   i - scarf {rC+ rF+}
rCorr    .         Harm     .   k - +0 pair of gloves
MR       .....                  (no boots)
Stlth    ++........             (no amulet)
HPRegen  0.17/turn              (no ring)
MPRegen  0.10/turn              (no ring)

@: about to teleport
A: hooves 1, demonic guardian 1, nightstalker 2
a: no special abilities


Innate Abilities, Weirdness & Mutations

You have large cloven feet.
A weak demonic guardian rushes to your aid.
You are significantly more attuned to the shadows.


   Skills:
 - Level 3.0 Fighting
 + Level 8.4 Polearms
 - Level 2.6 Armour
 - Level 2.6 Shields


You had 6 spell levels left.
You didn't know any spells.

Skill      XL: |  1  2  3  4  5  6  7 |
---------------+----------------------+-----
Polearms       | 2 3 4 5 7 8 |  8.4
Fighting       | |  3.0
Armour         | |  2.6
Shields        | |  2.6

Action                   |  1- 3 |  4- 6 |  7- 9 || total
-------------------------+-------+-------+-------++-------
Melee: Trident           |    73 |   130 |    76 ||   279
       Kick              |     5 |    24 |    19 ||    48
  Use: Potion            |       |     1 |     1 ||     2
       Scroll            |       |       |     1 ||     1
 Stab: Distracted        |       |     1 |     1 ||     2
       Sleeping          |       |     1 |     1 ||     2
  Eat: Chunk             |       |     8 |     2 ||    10
Armor: Scale mail        |    14 |    33 |    22 ||    69
Dodge: Dodged            |    20 |    23 |    12 ||    55
Block: Shield            |    28 |    39 |    13 ||    80

Inventory:

Hand Weapons
 a - a +0 trident (weapon)
 b - a +0 blowgun
   (You found it on level 4 of the Dungeon)
Missiles
 u - 9 tomahawks (quivered)
Armour
 c - a +0 shield (worn)
 h - a +0 scale mail (worn)
 i - a scarf of resistance (worn)
   (You found it on level 1 of the Dungeon)
 k - a +0 pair of gloves (worn)
   (You found it on level 1 of the Dungeon)
 A - a +0 helmet (worn)
   (You found it on level 5 of the Dungeon)
Wands
 y - a wand of flame (20/48)
   (You found it on level 4 of the Dungeon)
 B - a wand of clouds (6/9)
   (You found it on level 5 of the Dungeon)
Scrolls
 e - 2 scrolls of magic mapping {unknown}
 m - 3 scrolls of remove curse {unknown}
 n - a scroll of noise {unknown}
 p - 2 scrolls of random uselessness {unknown}
 r - a scroll of fear {unknown}
 t - 3 scrolls of teleportation {!r}
 w - 2 scrolls of amnesia {unknown}
 D - 2 scrolls of identify {unknown}
 E - a scroll of blinking {unknown}
Potions
 j - a potion of ambrosia {unknown}
 l - 2 potions of resistance
 o - a potion of curing
 q - 2 potions of heal wounds {unknown}
 s - a potion of magic {unknown}
 v - a potion of mutation {unknown}
 x - a potion of cancellation {unknown}
 z - 2 potions of brilliance {unknown}
 C - a potion of berserk rage {unknown}
Comestibles
 f - 3 bread rations
 g - 3 meat rations
 F - a royal jelly

Dungeon Overview and Level Annotations

Branches:
Dungeon (6/15)
 Temple: D:4-7

Altars:
Ashenzari
Cheibriados
Hepliaklqana
Qazlal
Xom


You were on level 6 of the Dungeon.
You were hungry.

You visited 1 branch of the dungeon, and saw 6 of its levels.

You collected 227 gold pieces.


Message History

You take 9 damage, and have 37/52 hp.
You hit Edmund.
Your shadow imp closely misses Edmund.
You hit Edmund but do no damage. You kick Edmund, but do no damage.
You block Edmund's attack.
Your shadow imp hits Edmund but does no damage.
You barely miss Edmund. You kick Edmund, but do no damage.
Your shadow imp hits Edmund but does no damage.
Edmund barely misses you.
You barely miss Edmund.
Your shadow imp hits Edmund but does no damage.
Edmund hits you with a dire flail of protection.
You take 4 damage, and have 33/52 hp.
You are too injured to fight recklessly!
You are too injured to fight recklessly!
You are too injured to fight recklessly!
You are too injured to fight recklessly!
You hit Edmund but do no damage. You kick Edmund, but do no damage.
Your shadow imp barely misses Edmund.
Edmund hits you but does no damage.
You closely miss Edmund.
Your shadow imp misses Edmund.
Edmund hits you with a dire flail of protection!
* * * LOW HITPOINT WARNING * * *
You take 12 damage, and have 22/52 hp.
MASSIVE DAMAGE!!
You closely miss Edmund.
Your shadow imp completely misses Edmund.
Edmund asks, "Have you met my wondrous brother?"
Edmund barely misses you.
You hit Edmund but do no damage. You kick Edmund.
Your shadow imp closely misses Edmund.
You closely miss Edmund. Your kick misses Edmund.
Your white imp hits Edmund but does no damage.
You block Edmund's attack.
Your shadow imp hits Edmund.
Your shield prevents you from hitting Edmund.
You kick Edmund.
Your white imp hits Edmund.
Your white imp freezes Edmund.
Edmund dies!
Things that are here:
a dire flail of protection; a leather armour You start resting.
Your shadow imp disappears in a puff of smoke!
Your white imp disappears in a puff of smoke!
Health restored: 52 You found an alarm trap!
Done exploring.
Done exploring.
Done exploring.
You are feeling hungry.
You can't go down here!
Wear which item? (? for menu, Esc to quit)
Okay, then.
(D) Dungeon
Where to? (Enter - D:5 @ (x,y), ? - help)
There is a stone staircase leading down here.
You climb downwards.
A quokka comes into view.
There is a stone staircase leading up here.
Attack whom?
Aim: a quokka (resting)
You reach to attack!
The helpless quokka fails to defend itself.
You puncture the quokka!
You kill the quokka!
No target in view!
Found a stone staircase leading down.
There is a stone staircase leading down here.
Found an escape hatch in the floor.
Found a stone staircase leading down.
An electric eel comes into view.
Found a glowing green potion.
The electric eel shoots out a bolt of lightning at you!
The bolt of electricity hits you!
You take 8 damage, and have 44/52 hp.
The electric eel shoots out a bolt of lightning at you!
The bolt of electricity hits you!
An electric eel comes into view.
You take 7 damage, and have 37/52 hp.
You closely miss the electric eel. You puncture the electric eel!
You kick the electric eel.
The electric eel shoots out a bolt of lightning at you!
The bolt of electricity hits you!
* * * LOW HITPOINT WARNING * * *
Your shadow imp splashes around in the water.
You take 13 damage, and have 25/52 hp.
MASSIVE DAMAGE!!
You miss the electric eel.
The electric eel shoots out a bolt of lightning at you!
The bolt of electricity hits you!
* * * LOW HITPOINT WARNING * * *
The electric eel shoots out a bolt of lightning at you!
The bolt of electricity hits you!
* * * LOW HITPOINT WARNING * * *
You hear a bark!
You take 10 damage, and have 15/52 hp.
As you read the scroll labeled VUETZATIOPA, it crumbles to dust.
You feel strangely unstable.
It was a scroll of teleportation.
t - 3 scrolls of teleportation;
j - a black potion Your shadow imp barely misses the electric eel.
The electric eel shoots out a bolt of lightning at you!
The bolt of electricity hits you!
* * * LOW HITPOINT WARNING * * *
The electric eel shoots out a bolt of lightning at you!
The bolt of electricity hits you!
You die...

#####.###.#.# ..
#.#.##.# #.#
>#####.###.####.###
..........#..##!..##
#####...##.#.##.#..##
#............>≈≈≈≈≈
#........#.##.≈###≈
#........#.##.≈≈≈≈h
###...##.#.##@5≈#≈h
#...##.#.##.;≈# ≈
######.#.##.;≈# #.#
##≈≈≈≈ ≈###≈ ≈≈


You could see 2 electric eels, a jackal and a friendly shadow imp.

Notes
Turn   | Place    | Note
-------+----------+-------------------------------------------
     0 | D:1      | theanonym the Demonspawn Fighter began the quest for the Orb.
     0 | D:1      | Reached XP level 1. HP: 18/18 MP: 1/1
    50 | D:1      | Reached skill level 2 in Polearms
   179 | D:1      | Gained mutation: You have large cloven feet. [demonic ancestry]
   179 | D:1      | Reached XP level 2. HP: 24/24 MP: 2/2
   205 | D:1      | HP: 8/24 [gnoll/enchanted whip (7)]
   434 | D:1      | Reached skill level 3 in Polearms
   654 | D:2      | Gained mutation: You are slightly more attuned to the shadows. [demonic ancestry]
   654 | D:2      | Reached XP level 3. HP: 29/29 MP: 3/3
   927 | D:2      | Gained mutation: A weak demonic guardian rushes to your aid. [demonic ancestry]
   927 | D:2      | Reached XP level 4. HP: 29/35 MP: 4/4
   945 | D:2      | Reached skill level 4 in Polearms
  1263 | D:2      | Found a hazy altar of Hepliaklqana.
  1266 | D:2      | Found a snail-covered altar of Cheibriados.
  1390 | D:2      | Found a stormy altar of Qazlal.
  1669 | D:3      | Found a shattered altar of Ashenzari.
  1824 | D:3      | Found a shimmering altar of Xom.
  1911 | D:3      | Reached XP level 5. HP: 28/41 MP: 5/5
  2256 | D:4      | Reached skill level 5 in Polearms
  3151 | D:5      | Entered Level 5 of the Dungeon
  3180 | D:5      | Noticed a sky beast
  3196 | D:5      | Gained mutation: You are significantly more attuned to the shadows. [demonic ancestry]
  3196 | D:5      | Reached XP level 6. HP: 45/47 MP: 6/6
  3200 | D:5      | Killed a sky beast
  3200 | D:5      | Reached skill level 6 in Polearms
  3347 | D:5      | HP: 20/47 [ogre/giant spiked club (21)]
  3349 | D:5      | Reached skill level 7 in Polearms
  3349 | D:5      | Reached XP level 7. HP: 22/52 MP: 7/7
  3353 | D:5      | HP: 22/52 [orc/tomahawk (1)]
  3871 | D:5      | Reached skill level 8 in Polearms
  3901 | D:5      | Noticed Edmund
  3913 | D:5      | HP: 22/52 [Edmund/dire flail of protection (12)]
  3917 | D:5      | Killed Edmund
  4208 | D:6      | HP: 25/52 [electric eel/bolt of electricity (13)]
  4210 | D:6      | HP: 7/52 [electric eel/bolt of electricity (8)]
  4210 | D:6      | Killed from afar by an electric eel

Vanquished Creatures
  An ice beast (D:5)
  A sky beast (D:5)
  An ogre (D:5)
  A centaur (D:5)
  A crimson imp (D:5)
  A hound (D:5)
  3 orc wizards
  A bullfrog skeleton (D:5)
  A hound zombie (D:5)
  3 gnolls
  7 adders
  An ooze (D:2)
  An adder skeleton (D:4)
  A worm (D:3)
  3 dart slugs
  4 leopard geckos
  11 orcs
  7 bats
  4 giant cockroaches
  4 goblins (D:1)
  6 hobgoblins
  A quokka (D:6)
  4 ball pythons
  3 frilled lizards
  A kobold (D:3)
  2 rats
74 creatures vanquished.

Vanquished Creatures (collateral kills)
  Edmund (D:5)
  A scorpion (D:4)
  A hound (D:5)
  A worker ant (D:3)
  An orc wizard (D:5)
  2 gnolls (D:3)
7 creatures vanquished.

Vanquished Creatures (others)
  A plant (D:2)
1 creature vanquished.

Grand Total: 82 creatures vanquished
